Map: Dusk Towers

Players

Lilbow

  • Race: Protoss Protoss
  • League: Grandmaster

MarineLorD - Winner!

  • Race: Terran Terran
  • League: Grandmaster

Event: 2016 WCS Winter Challenger Europe

VOD

https://www.youtube.com/watch?v=O4GevOvya5s

Description

MarineLorD opens CC first versus a 1 Gate Expand from Lilbow. MarineLorD follows up with 3 Barracks without gas, then proxies a Barracks on Lilbow's side of the map. He lifts the Barracks and happens to scout out an Oracle coming out from Lilbow while building only Marines at home, which push away the Oracle without losing any workers

MarineLorD's Barracks continues to float across and gets a complete scout, including the Twilight Council, which Lilbow uses to get Blink. MarineLorD starts building Marauders while starting his 3rd base as he goes into a more standard bio composition. Lilbow uses his Stalkers to push the Marine heavy ary all the way back across the map.

Lilbow begins researching Extended Thermal Lance and producing Colossi while dding more Adepts into his composition. MarineLorD adds several Liberators and picks up for a big drop into Lilbow's main. Meanwhile, Lilbow's army is on the other side of hte map as they begin a base race. Lilbow is stopped at MarineLorD's ramp into his main, while MarineLorD's army clears out Lilbow's main base. In the end, MarineLorD is up about 20 supply as the game noramilzes again.

MarineLorD gathers for another big push while Lilbow defends with 2 Colossi and several Stalkers. Lilbow cleans up everything except for the Medivacs , which head home. MarineLorD takes his 4th base, but neitehr player is adding on very many workers as they gear up for the next engagement.

Lilbow moves out with the same 2 Colossi, Stalkers, and Adepts, but he is stopped by Liberators at hte natural ramp. Meanwhile, MarineLorD drops and takes out one of Lilbow's remaining mining bases. Soon, MarineLorD walks down his ramp and destroys Lilbow's main army for the win.

Time

  • Played on: Feb. 13, 2016, 12:05 p.m.
  • Length: 14:24

All games in this series

Show
View Real Time Build Order
Export as new Build Order

Lilbow Protoss 

Build Orders: 1 Gate Expand, Oracle Opening 

Get SALT Encoding   

  12  0:00  Probe (Chrono Boost)  
  13  0:11  Probe (Chrono Boost)  
  14  0:18  Pylon  
  14  0:21  Probe (Chrono Boost)  
  15  0:36  Probe (Chrono Boost), Gateway  
  15  0:40  Assimilator  
  16  0:46  Probe (Chrono Boost)  
  18  0:57  Probe (Chrono Boost)  
  18  1:07  Probe (Chrono Boost)  
  19  1:17  Nexus  
  19  1:26  Cybernetics Core  
  19  1:30  Probe (Chrono Boost)  
  20  1:35  Assimilator  
  20  1:40  Probe (Chrono Boost)  
  20  1:44  Pylon  
  21  1:51  Probe (Chrono Boost)  
  22  2:01  Probe (Chrono Boost)  
  22  2:02  Adept (Chrono Boost)  
  25  2:13  Probe (Chrono Boost)  
  25  2:14  Stargate  
  26  2:24  Warp Gate  
  26  2:25  Probe (Chrono Boost)  
  26  2:29  Probe (Chrono Boost)  
  30  2:30  Adept  
  30  2:36  Probe (Chrono Boost)  
  31  2:40  Probe (Chrono Boost)  
  32  2:46  Probe (Chrono Boost)  
  32  2:50  Probe (Chrono Boost)  
  34  2:57  Probe (Chrono Boost), Oracle (Chrono Boost)  
  38  2:59  Probe  
  39  3:08  Probe  
  39  3:09  Probe  
  41  3:20  Probe (Chrono Boost)  
  41  3:21  Probe (Chrono Boost)  
  41  3:22  Nexus  
  41  3:25  Pylon  
  43  3:32  Probe (Chrono Boost)  
  43  3:33  Probe (Chrono Boost)  
  45  3:34  Twilight Council  
  45  3:43  Probe x2 (Chrono Boost)  
  45  3:46  Gateway  
  45  3:48  Gateway  
  47  3:53  Probe (Chrono Boost), Assimilator  
  47  3:54  Probe (Chrono Boost)  
  49  4:00  Blink  
  49  4:04  Probe (Chrono Boost), Assimilator  
  49  4:05  Probe (Chrono Boost)  
  51  4:10  Pylon  
  51  4:14  Probe (Chrono Boost)  
  51  4:15  Probe (Chrono Boost)  
  53  4:25  Probe (Chrono Boost)  
  53  4:28  Probe (Chrono Boost)  
  53  4:31  Sentry  
  57  4:34  Probe (Chrono Boost), Gateway x2  
  57  4:36  Probe (Chrono Boost)  
  59  4:39  Probe (Chrono Boost)  
  59  4:44  Probe (Chrono Boost), Stalker x2  
  59  4:45  Probe (Chrono Boost)  
  62  4:47  Oracle (Chrono Boost)  
  62  4:49  Probe  
  67  4:55  Probe, Pylon, Sentry  
  67  4:56  Probe  
  71  5:01  Probe  
  71  5:06  Probe  
  72  5:08  Stalker x2  
  72  5:13  Probe x2  
  79  5:14  Pylon  
  79  5:28  Robotics Facility  
  79  5:32  Stalker x5  
  79  5:34  Pylon  
  89  5:39  Mothership Core  
  91  5:46  Pylon  
  91  5:55  Stalker x4  
  99  5:58  Stalker  
  99  6:01  Assimilator  
  99  6:02  Probe  
  101  6:04  Probe x2  
  101  6:05  Assimilator  
  104  6:13  Probe  
  104  6:16  Probe  
  106  6:29  Pylon  
  106  6:30  Pylon  
  106  6:31  Pylon  
  106  6:33  Robotics Bay  
  106  6:34  Forge  
  106  6:40  Pylon  
  106  6:42  Forge  
  106  6:47  Observer  
  106  6:49  Resonating Glaives  
  107  6:54  Adept x5  
  107  6:55  Pylon  
  117  7:01  Gateway x2  
  117  7:02  Pylon  
  117  7:05  Pylon  
  117  7:07  Pylon  
  117  7:08  Pylon  
  117  7:10  Observer, Protoss Ground Weapons Level 1 (Chrono Boost)  
  117  7:12  Pylon  
  118  7:15  Protoss Ground Armor Level 1 (Chrono Boost)  
  118  7:18  Adept x3  
  118  7:20  Adept x2, Extended Thermal Lance  
  128  7:28  Colossus  
  128  7:29  Photon Cannon  
  128  7:31  Photon Cannon  
  128  7:33  Photon Cannon  
  134  7:40  Probe  
  135  7:45  Probe  
  136  7:51  Nexus  
  136  8:02  Adept x2  
  136  8:03  Adept x3  
  145  8:14  Colossus  
  145  8:15  Pylon  
  145  8:25  Stalker x3, Adept x3  
  145  8:26  Adept  
  162  8:56  Protoss Ground Weapons Level 2 (Chrono Boost)  
  162  8:57  Stalker x2  
  162  8:58  Stalker x2  
  162  8:59  Stalker x3  
  168  9:06  Colossus  
  130  9:21  Adept x2  
  79  9:54  Stalker x2  
  79  9:59  Colossus  
  65  10:01  Probe x2  
  67  10:07  Probe  
  67  10:13  Probe x2  
  62  10:17  Probe  
  62  10:18  Stalker x2  
  66  10:25  Probe x2  
  66  10:28  Probe  
  67  10:37  Probe x2  
  67  10:39  Probe, Gateway  
  67  10:42  Sentry x2  
  74  10:45  Pylon  
  74  10:49  Probe x2  
  75  10:50  Probe  
  75  10:55  Colossus  
  82  11:01  Pylon  
  82  11:07  Stalker, Sentry  
  76  11:21  Stalker x2  
  63  11:33  Stalker x2  
  60  11:43  Probe x2  
  60  11:46  Assimilator  
  62  11:49  Observer  
  62  11:52  Assimilator  
  63  11:59  Adept x3, Zealot  
  63  12:00  Probe, Zealot x2  
  75  12:01  Probe  
  75  12:02  Probe  
  78  12:13  Probe  
  81  12:16  Warp Prism  
  81  12:26  Adept x4  
  81  12:27  Stalker  
  81  12:29  Stalker  
  93  12:49  Adept x4  
  101  12:52  Stalker  
  101  12:55  Stalker  
  90  13:17  Stalker x2  
  90  13:18  Stalker  
  86  13:27  Stalker  
  86  13:29  Stalker  
  90  13:38  Adept  
  84  13:49  Stalker  
  84  13:50  Stalker  
  82  14:09  Adept x4  
Show
View Real Time Build Order
Export as new Build Order

MarineLorD Terran - Winner!

Build Orders: Command Center First (CC), MMM Bio 

Get SALT Encoding   

  12  0:00  SCV  
  13  0:12  SCV  
  14  0:17  Supply Depot  
  14  0:24  SCV  
  15  0:38  SCV  
  16  0:50  SCV  
  17  0:58  Command Center  
  17  1:02  SCV  
  18  1:12  Barracks  
  18  1:15  SCV  
  19  1:27  SCV  
  19  1:30  Barracks  
  20  1:39  Barracks  
  20  1:42  SCV  
  21  1:54  SCV  
  22  2:03  Marine  
  22  2:07  Orbital Command  
  23  2:10  Orbital Command  
  23  2:17  Marine  
  23  2:21  Marine  
  25  2:26  Marine  
  26  2:33  SCV  
  26  2:34  Barracks  
  26  2:36  Marine  
  28  2:38  SCV, Marine  
  28  2:43  Supply Depot  
  30  2:45  SCV  
  30  2:47  Marine  
  30  2:50  SCV  
  33  2:55  Marine  
  33  2:56  Marine  
  33  2:57  SCV  
  36  3:02  SCV  
  36  3:04  Refinery x2  
  37  3:06  Supply Depot  
  37  3:07  Marine  
  37  3:09  SCV  
  39  3:13  Marine  
  39  3:14  SCV  
  39  3:15  Marine  
  42  3:22  SCV  
  42  3:26  SCV  
  44  3:28  Refinery  
  44  3:30  Supply Depot  
  44  3:31  Marine  
  44  3:33  Barracks Tech Lab, Marine  
  44  3:34  SCV  
  47  3:39  SCV  
  47  3:46  SCV  
  47  3:47  Engineering Bay  
  48  3:49  Marine  
  48  3:51  SCV, Marine  
  48  3:52  Marine  
  48  3:54  Stimpack  
  52  3:59  SCV  
  53  4:03  SCV  
  53  4:09  Marine x2  
  56  4:11  Factory, SCV  
  56  4:15  SCV  
  56  4:16  Missile Turret  
  58  4:17  Supply Depot  
  58  4:19  Marine  
  58  4:21  Terran Infantry Weapons Level 1  
  58  4:23  SCV  
  60  4:27  SCV  
  60  4:28  Missile Turret  
  61  4:31  Barracks Tech Lab  
  61  4:35  SCV  
  61  4:36  Barracks Reactor  
  61  4:39  SCV  
  61  4:41  Marauder  
  64  4:47  SCV  
  64  4:51  Supply Depot, SCV  
  66  4:53  Supply Depot, Combat Shields  
  66  4:54  Marauder  
  66  4:55  Supply Depot  
  66  4:59  Starport  
  68  5:02  Factory Reactor  
  68  5:06  Marauder  
  70  5:13  SCV x2  
  70  5:14  Marine x2  
  72  5:17  Marauder  
  76  5:27  Refinery  
  76  5:31  Command Center  
  76  5:35  Barracks x2  
  76  5:37  Marine  
  76  5:38  Marine x2  
  79  5:45  Marine  
  79  5:48  SCV x2  
  79  5:53  Medivac x2  
  79  5:55  Marine x2  
  85  5:59  Marauder, Concussive Shells  
  85  6:00  SCV x2  
  89  6:07  Marauder  
  91  6:11  Supply Depot  
  91  6:12  Supply Depot, SCV  
  91  6:18  SCV  
  91  6:21  Factory Reactor  
  91  6:23  Medivac  
  91  6:24  SCV, Bunker  
  94  6:29  Bunker  
  94  6:33  Medivac  
  94  6:34  Supply Depot  
  94  6:35  Terran Infantry Armor Level 1  
  94  6:36  SCV  
  94  6:38  Marine  
  94  6:39  Marine  
  99  6:41  Marine  
  99  6:42  Marine  
  99  6:44  SCV  
  99  6:46  Marine  
  103  6:49  SCV  
  103  6:50  Marine  
  103  6:52  Missile Turret  
  105  6:57  Liberator  
  105  6:58  Liberator, Orbital Command  
  105  6:59  SCV  
  105  7:01  SCV  
  107  7:05  Barracks Reactor, Marauder, Barracks Tech Lab  
  107  7:07  Widow Mine  
  111  7:09  Widow Mine  
  111  7:13  SCV  
  117  7:19  SCV  
  117  7:21  Marauder, Marine  
  117  7:22  Marine  
  125  7:24  SCV  
  125  7:25  SCV  
  127  7:31  Supply Depot  
  127  7:33  Supply Depot  
  127  7:35  Refinery  
  127  7:36  Refinery, SCV  
  128  7:37  Marauder x2  
  132  7:44  Supply Depot x2  
  132  7:45  Supply Depot, Marine  
  132  7:49  Liberator x2  
  133  7:52  Widow Mine x2  
  133  7:53  SCV x3  
  133  7:54  Armory, Marauder  
  133  7:55  Engineering Bay  
  133  7:56  Marine x2  
  133  7:57  Marine  
  145  7:59  Marauder  
  153  8:15  Marauder  
  153  8:16  Marine  
  153  8:17  Marauder  
  153  8:19  Marine x2  
  160  8:20  Marauder  
  160  8:24  Command Center  
  162  8:30  Supply Depot x2  
  162  8:32  Supply Depot  
  160  8:35  Supply Depot  
  160  8:36  Marine  
  160  8:37  Marauder  
  160  8:38  Marauder  
  167  8:41  Marauder  
  167  8:45  Marine  
  167  8:47  Marine  
  169  8:49  Medivac x2  
  162  8:58  Marauder  
  162  8:59  Marine  
  162  9:00  Marauder, Marine  
  162  9:02  Liberator x2  
  169  9:03  Marauder, Marine  
  167  9:12  Marine  
  141  9:17  Marine  
  141  9:19  Marauder, Widow Mine  
  141  9:20  Widow Mine  
  141  9:21  Marauder, Marine  
  129  9:24  Marauder  
  129  9:25  Marine  
  129  9:30  Marine  
  122  9:41  Marauder, Marine  
  122  9:42  Marauder  
  122  9:44  Marine  
  122  9:45  Marine  
  124  9:51  Marauder  
  105  9:58  Orbital Command  
  83  10:02  Marauder  
  83  10:04  Marauder  
  85  10:08  Marine  
  85  10:12  SCV  
  86  10:24  SCV  
  86  10:29  SCV  
  86  10:32  Orbital Command  
  84  10:36  SCV  
  84  10:38  Marine  
  84  10:41  SCV  
  84  10:42  Marine x2  
  89  10:43  Marine  
  89  10:46  Marine  
  89  10:47  Marine  
  89  10:48  SCV  
  93  10:50  SCV  
  93  10:55  Terran Infantry Weapons Level 2  
  93  10:56  Marine  
  95  11:00  Terran Infantry Armor Level 2, SCV  
  95  11:02  SCV  
  88  11:12  SCV  
  88  11:13  Marauder  
  88  11:14  Marauder  
  86  11:21  Marauder  
  86  11:24  SCV  
  82  11:26  Liberator  
  82  11:30  Marine  
  76  11:35  Marauder x2  
  76  11:36  SCV  
  68  11:42  Marauder, SCV  
  68  11:45  Liberator  
  74  11:49  SCV  
  74  11:50  SCV  
  74  11:52  SCV  
  74  11:54  Marine  
  78  11:55  Marine  
  78  11:56  Marauder  
  78  11:57  Barracks Reactor, Marauder  
  78  11:58  SCV  
  78  12:01  SCV  
  85  12:02  SCV  
  85  12:04  Marauder  
  91  12:09  Liberator  
  91  12:11  Marine  
  91  12:13  SCV  
  93  12:18  Marauder x2  
  93  12:20  Marine  
  96  12:25  Marauder  
  96  12:27  Widow Mine  
  96  12:28  Liberator, SCV  
  96  12:29  Marine  
  105  12:33  Marine  
  105  12:36  Orbital Command  
  106  12:37  Marine  
  106  12:38  Marine  
  106  12:39  Marauder x2  
  106  12:43  Widow Mine  
  113  12:47  Marauder, Marine  
  113  12:51  Marine  
  120  12:55  Marine  
  120  12:56  Marine  
  122  13:00  Marauder  
  122  13:01  Marauder  
  122  13:05  Marine  
  127  13:08  Marauder, Marine  
  121  13:13  Marine  
  121  13:18  Marine  
  116  13:22  Marauder x2  
  116  13:23  Marine  
  116  13:26  Marine  
  115  13:29  Marauder  
  117  13:37  Marine  
  118  13:41  Marine  
  118  13:43  Marauder  
  118  13:44  Marauder  
  118  13:47  Marine  
  118  13:48  Marine  
  115  13:51  Marauder  
  115  13:54  SCV  
  115  13:55  Marine  
  117  13:59  Marine  
Tags
 
Add a new tag
Caveats
  • Supply blocks, unpowered buildings, or Contaminate may cause inaccurate times.
  • Supply counts are checked every 10 seconds.